 Dungeon Crawl Stone Soup version 0.19.0-2-gae57169 (webtiles) character file.

349 nikopol the Chopper (level 6, -1/56 HPs)
             Began as a Hill Orc Berserker on Nov 5, 2016.
             Was a Believer of Trog.
             Slain by a worker ant (2 damage)
             ... on level 4 of the Dungeon.
             The game lasted 00:04:55 (2769 turns).

nikopol the Chopper (Hill Orc Berserker)            Turns: 2769, Time: 00:04:56

Health: -1/56      AC:  9    Str: 21    XL:     6   Next: 60%
Magic:  6/6        EV: 11    Int:  7    God:    Trog [**....]
Gold:   151        SH:  0    Dex: 11    Spells: 0 memorised, 5 levels left

rFire  . . .     SeeInvis .     a - +0 hand axe
rCold  . . .     Gourm    .     j - +0 scale mail
rNeg   . . .     Faith    .     (no shield)
rPois  .         Spirit   .     (no helmet)
rElec  .         Reflect  .     l - +0 cloak
rCorr  .         Harm     .     (no gloves)
MR     .....                    u - +0 pair of boots
Stlth  ..........               (no amulet)
                                (no ring)
                                (no ring)

@: lethally poisoned (-1 -> -2), exhausted, slowed, very slow
A: no striking features
a: Berserk, Trog's Hand, Burn Spellbooks, Renounce Religion


You were on level 4 of the Dungeon.
You worshipped Trog.
Trog was pleased with you.
You were very hungry.

You visited 1 branch of the dungeon, and saw 4 of its levels.

You collected 151 gold pieces.

Inventory:

Hand Weapons
 a - a +0 hand axe (weapon)
Missiles
 e - 80 arrows (quivered)
Armour
 b - a +0 animal skin
 j - a +0 scale mail (worn)
 l - a +0 cloak (worn)
 u - a +0 pair of boots (worn)
Jewellery
 f - an uncursed ring of stealth {unknown}
 n - a cursed ring of teleportation {unknown}
 r - an uncursed ring of protection from fire {unknown}
Scrolls
 d - a scroll of enchant weapon {unknown}
 g - 7 scrolls of identify {unknown}
 i - 2 scrolls of blinking {unknown}
 o - 4 scrolls of remove curse {unknown}
 p - 2 scrolls of teleportation {unknown}
 q - a scroll of enchant armour {unknown}
Potions
 h - a potion of heal wounds {unknown}
 m - a potion of haste
 v - a potion of ambrosia {unknown}
Comestibles
 c - a bread ration
 k - 3 meat rations
 s - a beef jerky
 t - 2 royal jellies
 w - a slice of pizza
 x - 4 chunks of flesh


   Skills:
 + Level 5.5 Fighting
 + Level 5.8 Axes
 + Level 4.0 Armour
 + Level 2.9 Dodging


You had 5 spell levels left.
You didn't know any spells.

Dungeon Overview and Level Annotations

Branches:
Dungeon (4/15)
 Temple: D:4-7

Altars:
Hepliaklqana


Message History

The worker ant poisons you!
You feel sick.
You feel sick.
The worker ant bites you but does no damage.
You feel sick.
The worker ant bites you but does no damage.
You feel sick. The worker ant bites you.
* * * LOW HITPOINT WARNING * * *
You feel sick. The worker ant bites you.
* * * LOW HITPOINT WARNING * * *
An orc comes into view. It is wielding a trident.
The orc shouts!
The worker ant barely misses you.
You feel sick. The worker ant bites you.
* * * LOW HITPOINT WARNING * * *
You feel sick. The worker ant bites you.
* * * LOW HITPOINT WARNING * * *
* * * LOW HITPOINT WARNING * * *
You feel sick. The worker ant bites you.
You die...

.###########........
o.##.##.# #........
..o...#.####.#######
+###..#...#.......# #
....†.#.###..####.##.###
..#..)ooooo............
........##.#o####.##.####
..#..#####.#.Z.a.........
#.#........#####@........
# #.######.# #....######
#. #.# ####.# ..
#.######.# .#. #........#
##. ########.# #. #.# #.#
#.#


You could see a worker ant, an orc and a howler monkey skeleton.

Vanquished Creatures
  An ogre (D:4)
  A howler monkey (D:4)
  A centaur skeleton (D:4)
  Ijyb (D:3)
  A worker ant (D:4)
  The ghost of newuser the Sneak, a weakling VSAs (D:3)
  Robin (D:3)
  A gnoll (D:1)
  2 adders
  3 oozes
  2 worms
  3 dart slugs
  4 leopard geckos
  An orc (D:3)
  3 giant cockroaches
  16 goblins
  7 hobgoblins
  7 kobolds
  2 quokkas
  2 ball pythons
  4 bats
  5 frilled lizards
  6 rats
75 creatures vanquished.

Notes
Turn   | Place    | Note
-------+----------+-------------------------------------------
     0 | D:1      | nikopol the Hill Orc Berserker began the quest for the Orb.
     0 | D:1      | Reached XP level 1. HP: 19/19 MP: 1/1
   444 | D:1      | Reached XP level 2. HP: 27/27 MP: 2/2
   818 | D:1      | Reached XP level 3. HP: 11/33 MP: 3/3
  1501 | D:2      | Reached ** piety under Trog
  1560 | D:2      | Reached XP level 4. HP: 38/41 MP: 4/4
  2036 | D:3      | Noticed Ijyb
  2044 | D:3      | Killed Ijyb
  2088 | D:3      | Noticed Robin
  2102 | D:3      | Reached XP level 5. HP: 41/47 MP: 5/5
  2102 | D:3      | Killed Robin
  2102 | D:3      | Reached skill level 5 in Axes
  2104 | D:3      | Reached skill level 5 in Fighting
  2141 | D:3      | Noticed newuser's ghost (weakling VSAs)
  2155 | D:3      | Killed newuser's ghost
  2529 | D:4      | Found a hazy altar of Hepliaklqana.
  2583 | D:4      | Reached XP level 6. HP: 43/56 MP: 6/6
  2767 | D:4      | HP: 2/56 [worker ant (3)]
  2769 | D:4      | Slain by a worker ant

Skill      XL: |  1  2  3  4  5  6 |
---------------+-------------------+-----
Fighting       | 4 5 |  5.5
Dodging        | 2 |  2.9
Armour         | 3 4 |  4.0
Axes           | 5 |  5.8

Action                   |  1- 3 |  4- 6 || total
-------------------------+-------+-------++-------
Melee: Hand axe          |    95 |   135 ||   230
Invok: Berserk           |       |     3 ||     3
  Eat: Chunk             |     2 |     6 ||     8
Armor: Animal skin       |    14 |       ||    14
       Scale mail        |    25 |    61 ||    86
Dodge: Dodged            |    59 |    85 ||   144
